 Dungeon Crawl Stone Soup version 0.30-a0-4-ga7cffc901d (webtiles) character file.

Game seed: 14839430829098641126

485 Setbun the Chopper (level 7, -11/61 HPs)
             Began as a Hill Orc Fighter on Aug 20, 2022.
             Mangled by Duvessa
             ... wielding a +0 short sword
              (17 damage)
             ... on level 4 of the Dungeon.
             The game lasted 00:04:44 (4571 turns).

Setbun the Chopper (Hill Orc Fighter)               Turns: 4571, Time: 00:04:45

Health: -11/61     AC:  4    Str: 21    XL:     7   Next: 13%
Magic:  7/7        EV: 10    Int:  8    God:
Gold:   330        SH:  4    Dex: 10    Spells: 6/6 levels left

rFire   . . .      SeeInvis .    a - +0 war axe
rCold   . . .      Faith    .    c - +0 buckler
rNeg    . . .      Spirit   .    q - +0 troll leather armour {Pargi}
rPois   .          Reflect  .    (no helmet)
rElec   .          Harm     .    (no cloak)
rCorr   .          Rampage  .    (no gloves)
Will    +....                    (no boots)
Stlth   +.........               (no amulet)
HPRegen 1.00/turn                h - ring of willpower
MPRegen 0.10/turn                (no ring)

@: no status effects
A: no striking features
a: no special abilities


You were on level 4 of the Dungeon.
You visited 1 branch of the dungeon, and saw 6 of its levels.
You also visited: Sewer.

You collected 330 gold pieces.

Inventory:

Hand Weapons
 a - a +0 war axe (weapon)
Armour
 b - a +0 scale mail
 c - a +0 buckler (worn)
 o - a +2 chain mail of poison resistance
 q - a +0 troll leather armour (worn) {Pargi}
Jewellery
 h - a ring of willpower (left hand)
Scrolls
 e - a scroll of amnesia {unknown}
 g - 3 scrolls of identify {unknown}
 i - 3 scrolls of poison {unknown}
 j - 2 scrolls of enchant weapon {unknown}
 k - 5 scrolls of teleportation {unknown}
 s - a scroll of blinking {unknown}
 u - 2 scrolls of magic mapping {unknown}
 v - a scroll of vulnerability {unknown}
 x - 2 scrolls of fear {unknown}
Potions
 d - 2 potions of might
 f - 4 potions of curing {unknown}
 l - a potion of attraction {unknown}
 m - a potion of berserk rage {unknown}
 n - a potion of magic {unknown}
 p - 2 potions of ambrosia {unknown}
 r - 3 potions of invisibility {unknown}
 t - a potion of cancellation {unknown}
 w - a potion of lignification {unknown}
 z - a potion of degeneration {unknown}


   Skills:
 + Level 5.2 Fighting
 * Level 6.6 Axes
 + Level 4.8 Armour
 + Level 4.8 Shields


You had 6 spell levels left.
You didn't know any spells.
Your spell library contained the following spells:

 Spells                   Type           Power      Damage    Failure   Level
 Foxfire                  Conj/Fire      0%         2x1d4     54%         1
 Conjure Flame            Conj/Fire      0%         6-21      89%         3
 Inner Flame              Hex/Fire       0%         N/A       89%         3
 Cause Fear               Hex            0%         N/A       100%        4
 Flame Wave               Conj/Fire      0%         2d4       100%        4
 Discord                  Hex            0%         N/A       100%        8


Dungeon Overview and Level Annotations

Branches:
Dungeon (6/15)              Sewer (visited)
 Temple: D:4-7

Altars:
Kikubaaqudgha
Wu Jian

Annotations:
D:4 Duvessa


Message History

You block Duvessa's attack.
Dowan casts a spell.
Dowan blinks!
You hit Duvessa but do no damage. Duvessa barely misses you.
Dowan hits you with a +0 dagger. Duvessa completely misses you.
You hit Duvessa but do no damage. You barely miss Dowan.
Duvessa hits you with a +0 short sword. Dowan closely misses you.
You hit Duvessa.
Duvessa is lightly wounded.
You hit Dowan. Duvessa hits you but does no damage.
Dowan hits you with a +0 dagger.
You closely miss Duvessa.
Duvessa is lightly wounded.
You hit Dowan. Duvessa hits you with a +0 short sword.
Dowan hits you with a +0 dagger.
You slash Duvessa!
Duvessa is heavily wounded.
You slash Dowan!
You kill Dowan!
Duvessa screams, "No!
How DARE you!"
Duvessa goes berserk!
Duvessa hits you with a +0 short sword!!
Duvessa hits you with a +0 short sword!
* * * LOW HITPOINT WARNING * * *
You hit Duvessa.
Duvessa is severely wounded.
Duvessa barely misses you. You block Duvessa's attack.
You hit Duvessa but do no damage.
Duvessa is severely wounded.
Duvessa hits you with a +0 short sword. Duvessa closely misses you.
You slash Duvessa!
Duvessa is severely wounded.
Duvessa hits you with a +0 short sword!
* * * LOW HITPOINT WARNING * * *
Duvessa hits you with a +0 short sword!
* * * LOW HITPOINT WARNING * * *
You barely miss Duvessa.
Duvessa is severely wounded.
Duvessa misses you. Duvessa hits you with a +0 short sword!
You die...

##......).....# #######
##........##.#.####.....#########
....###...##.....................
###.# ##.###..########...........
##.## #.# #..#⌠8⌠# #...#######.
##.#.###.###..#...+ #.#.#.....#.
..###.........#...# #.#.#.....#.
##.#.###.###..#.e.+ #...#.._..'.
###.## #.###..#.@.# #.#.#.....#.
# #.# .#.#...##)#####...#.....#.
###.## # #...............#######.
....#.# ##..........###......^..
.#####.###.#÷.......## ##..#.####
.# #.#.##.#####..#####..#.# # .#
#..##.# #.............#### .##
##.##.# #.#.............## ..#
#.##.# #.#.#########.#.##


You could see Duvessa (berserk).

Vanquished Creatures
  Pargi (Sewer)
  A centaur (D:6)
  Dowan (D:4)
  A hound (D:6)
  Terence (D:2)
  11 adders
  2 river rats (D:3)
  An ufetubus (D:4)
  5 worms
  2 dart slugs
  An orc (D:4)
  9 endoplasms
  2 giant cockroaches
  7 hobgoblins
  3 jackals (D:3)
  4 quokkas
  6 ball pythons
  2 bats (D:2)
  8 frilled lizards
  2 goblins
  12 kobolds
  9 rats
91 creatures vanquished.

Notes
Turn   | Place    | Note
-------+----------+-------------------------------------------
     0 | D:1      | Setbun the Hill Orc Fighter began the quest for the Orb.
     0 | D:1      | Reached XP level 1. HP: 19/19 MP: 1/1
   270 | D:1      | Found a faded altar of an unknown god.
   282 | D:1      | Reached skill level 3 in Axes
   291 | D:1      | Reached XP level 2. HP: 17/27 MP: 2/2
  1162 | D:2      | Reached XP level 3. HP: 19/33 MP: 3/3
  1658 | D:2      | Noticed Terence
  1679 | D:2      | Killed Terence
  1680 | D:2      | Reached skill level 4 in Axes
  1680 | D:2      | Reached XP level 4. HP: 29/40 MP: 4/4
  2535 | D:3      | Reached XP level 5. HP: 39/47 MP: 5/5
  2562 | D:3      | Reached skill level 5 in Axes
  2600 | D:3      | Found a glowing drain.
  2607 | Sewer    | Entered a sewer
  2740 | Sewer    | Noticed Pargi
  2761 | Sewer    | Killed Pargi
  2762 | Sewer    | Reached XP level 6. HP: 23/55 MP: 6/6
  3570 | D:3      | You fall into a shaft and drop 3 floors!
  3632 | D:6      | Reached skill level 5 in Fighting
  3632 | D:6      | Reached skill level 6 in Axes
  3689 | D:5      | Entered Level 5 of the Dungeon
  3770 | D:3      | Found an ancient bone altar of Kikubaaqudgha.
  4243 | D:4      | Reached XP level 7. HP: 61/61 MP: 7/7
  4452 | D:4      | Found an ornate altar of the Wu Jian Council.
  4560 | D:4      | Noticed Duvessa
  4560 | D:4      | Noticed Dowan
  4567 | D:4      | Killed Dowan
  4571 | D:4      | Mangled by Duvessa

Illustrated notes

Levels and vault maps discovered:
D:1:      ncdulo_wetmaze, layout_basic, hellmonk_ecumenical_altar_crossroads
D:2:      layout_basic, uniq_terence
D:3:      layout_basic, lemuel_doored_altar, lightli_sewer_entry_pipes,
          minivault_25
D:4:      dreamdust_elfheim, layout_loops_ring, amcnicky_altar_gilded,
          roderic_cross_of_infinity, kennysheep_generic_room_10
D:5:      layout_loops_ring, serial_bayou_pond_d, nicolae_titane
D:6:      wad_river_or_something, layout_basic,
          minmay_temple_entry_drinking_statues, serial_rivers,
          chequers_serial_rivers_marsh, chequers_serial_rivers_micro_e,
          chequers_serial_rivers_micro_b, chequers_serial_rivers_large_b,
          grunt_ministairs_9

Skill      XL: |  1  2  3  4  5  6 |
---------------+-------------------+-----
Axes           | 3 4 5 6 |  6.6
Fighting       | 4 5 |  5.2
Armour         | 4 |  4.8
Shields        | 4 |  4.8

Action                   |  1- 3 |  4- 6 |  7- 9 || total
-------------------------+-------+-------+-------++-------
Melee: War axe           |   112 |   179 |    19 ||   310
Armor: Scale mail        |    40 |     2 |       ||    42
       Chain mail        |       |    71 |       ||    71
       Troll leather arm |       |    34 |     1 ||    35
Dodge: Dodged            |    45 |    89 |    12 ||   146
Block: Buckler           |    29 |    40 |     3 ||    72

Table legend: (Time is in decaauts)
 A = Elapsed time spent in this place.
 B = Non-inter-level travel time spent in this place.
 C = Inter-level travel time spent in this place.
 D = Time resting spent in this place.
 E = Time spent auto-exploring this place.
 F = Levels seen in this place.
 G = Mean time per level.
                   A        B        C        D        E       F      G
               +--------+--------+--------+--------+--------+-----+--------+
         Total |   4752 |   4632 |    120 |    370 |   3221 |   7 |  678.9 |
       Dungeon |   4118 |   3998 |    120 |      0 |   3083 |   6 |  686.3 |
         Sewer |    633 |    633 |      0 |    370 |    137 |   1 |  633.0 |
               +--------+--------+--------+--------+--------+-----+--------+

Top non-repeatable levels by time:
     D:2: 1219 daAuts
     D:1: 1126 daAuts
     D:3: 1111 daAuts
   Sewer: 633 daAuts
     D:4: 533 daAuts
     D:6: 125 daAuts
     D:5: 2 daAuts
